 Dungeon Crawl Stone Soup version 0.30-b1-2-g02819fbbbe (webtiles) character file.

Game seed: 5228087205682578737

2453 Flugkiller the Thaumaturge (level 9, -5/66 HPs)
             Began as a Djinni Warper on May 14, 2023.
             Was a Follower of Ru.
             Slain by a killer bee (10 damage)
             ... on level 7 of the Dungeon.
             The game lasted 00:13:31 (7650 turns).

Flugkiller the Thaumaturge (Djinni Warper)          Turns: 7650, Time: 00:13:32

Health: -5/66      AC:  0    Str: 10    XL:     9   Next: 79%
Gold:   292        EV: 12    Int: 20    God:    Ru [*.....] SH:  3 Dex: 12

rFire   + + +        a - +0 short sword
rCold   x . .        c - +0 buckler
rNeg    . . .        g - +0 leather armour {Will+}
rPois   ∞            (no helmet)
rElec   .            h - +0 cloak
rCorr   .            b - +0 pair of gloves
SInv    .            (boots unavailable)
Will    +....        (no amulet)
Stlth   +            p - ring of protection from fire
HPRegen 0.31/turn    (no ring)
MPRegen 0.00/turn

%: infuse magic (-6 HP)
@: flying
A: sickness immunity, fire resistance 2, cold vulnerability 1, reduced AC 1,
float, innate caster, HP casting, extra vitality 1
a: Renounce Religion


You were on level 7 of the Dungeon.
You worshipped Ru.
Ru was aware of your devotion.
You visited 2 branches of the dungeon, and saw 8 of its levels.
You also visited: Ossuary.

You collected 292 gold pieces.

Inventory:

Hand Weapons
 a - a +0 short sword (weapon)
Missiles
 d - 7 boomerangs of dispersal (quivered)
 e - a throwing net
 f - 3 boomerangs
Armour
 b - a +0 pair of gloves (worn)
   (You found it on level 6 of the Dungeon)
 c - a +0 buckler (worn)
   (You found it on level 3 of the Dungeon)
 g - a +0 leather armour of willpower (worn)
   (You took it off Eustachio on level 4 of the Dungeon)
 h - a +0 cloak (worn)
   (You found it on level 6 of the Dungeon)
Jewellery
 p - a ring of protection from fire (left hand)
   (You found it on level 4 of the Dungeon)
Wands
 k - a wand of digging (2)
   (You found it on level 2 of the Dungeon)
Scrolls
 z - 2 scrolls of blinking


   Skills:
 + Level 5.8 Fighting
 - Level 1.7 Short Blades
 - Level 0.7 Throwing
 - Level 1.0 Armour
 + Level 5.1 Dodging
 + Level 8.4 Spellcasting


You knew the following spells:

 Your Spells              Type           Power      Damage    Failure   Level
a - Lesser Beckoning      Tloc           84%        N/A       1%          2
b - Vhi's Electric Charg  Tloc/Air       84%        N/A       1%          3
c - Teleport Other        Tloc           42%        N/A       1%          3
d - Manifold Assault      Tloc           42%        N/A       5%          4
e - Shock                 Conj/Air       100%       1d9       1%          1
f - Call Imp              Summ           84%        N/A       1%          2
g - Spider Form           Tmut/Pois      42%        N/A       1%          3
h - Dispel Undead         Necr           42%        3d17      5%          4
r - Blink                 Tloc           84%        N/A       1%          2
Your spell library was empty.

Dungeon Overview and Level Annotations

Branches:
Dungeon (7/15) Zot: 26852  Temple (1/1) D:4 Zot: 5808 Ossuary (visited)

Altars:
Cheibriados
Dithmenos
Elyvilon
Gozag
Makhleb
Qazlal
Ru
Trog
Uskayaw
Yredelemnul
Zin
The Shining One

Annotations:
D:3 1 runed translucent door, Crazy Yiuf


Innate Abilities, Weirdness & Mutations

You are immune to sickness and miasma.
You are immune to poison.
Your flesh is very heat resistant. (rF++)
You are vulnerable to cold. (rC-)
You take slightly more damage. (AC -5)
You float through the air rather than walking.
You learn spells naturally, not from books.
Your magical power is your life essence.
You have superior vitality. (+4 MHP)


Message History

The killer bee stings your cerulean imp.
Unknown command.
Casting: Shock (safe; 1% risk of failure)
Confirm with . or Enter, or press ? or * to list all spells.
Aiming: Shock (safe; 1% risk of failure)
Press: ? - help, Shift-Dir - straight line, f/p - killer bee
Aim: a killer bee (severely wounded, ally target, 48% to hit)
The zap hits the killer bee.
The killer bee is severely wounded.
The killer bee completely misses your cerulean imp.
The killer bee stings your cerulean imp!
Your cerulean imp is poisoned.
The killer bee poisons your cerulean imp!
Your cerulean imp completely misses the killer bee.
The killer bee misses your cerulean imp.
The killer bee closely misses your cerulean imp.
Casting: Shock (safe; 1% risk of failure)
Confirm with . or Enter, or press ? or * to list all spells.
Aiming: Shock (safe; 1% risk of failure)
Press: ? - help, Shift-Dir - straight line, f/p - killer bee
Aim: a killer bee (severely wounded, ally target, 48% to hit)
The zap hits the killer bee.
The killer bee is moderately wounded.
The zap hits the killer bee.
The killer bee is almost dead.
The killer bee closely misses you.
The killer bee barely misses your cerulean imp.
The killer bee stings your cerulean imp.
Your cerulean imp dies!
Your cerulean imp disappears in a puff of smoke!
The killer bee stings you.
Casting: Shock (safe; 1% risk of failure)
Confirm with . or Enter, or press ? or * to list all spells.
Aiming: Shock (safe; 1% risk of failure)
Press: ? - help, Shift-Dir - straight line, f/p - killer bee
Aim: a killer bee (almost dead, 48% to hit)
The zap misses the killer bee.
The zap hits the killer bee!
You kill the killer bee!
The zap hits the killer bee.
The killer bee is moderately wounded.
The killer bee stings you! The killer bee barely misses you.
Your Dodging skill increases to level 5!
Casting: Shock (safe; 1% risk of failure)
Confirm with . or Enter, or press ? or * to list all spells.
Aiming: Shock (safe; 1% risk of failure)
Press: ? - help, Shift-Dir - straight line, f - killer bee
Aim: a killer bee (moderately wounded, 48% to hit)
The zap hits the killer bee.
The killer bee is heavily wounded.
The zap hits the killer bee.
The killer bee is moderately wounded.
The zap misses the killer bee.
You block the killer bee's attack. The killer bee stings you.
Casting: Shock (safe; 1% risk of failure)
Confirm with . or Enter, or press ? or * to list all spells.
Aiming: Shock (safe; 1% risk of failure)
Press: ? - help, Shift-Dir - straight line, f/p - killer bee
Aim: a killer bee (heavily wounded, 48% to hit)
The zap hits the killer bee.
The killer bee is severely wounded.
The zap hits the killer bee.
The killer bee is severely wounded.
The zap misses the killer bee.
You redirect the killer bee's attack!
The killer bee barely misses the killer bee.
The killer bee stings you!
Casting: Shock (safe; 1% risk of failure)
Confirm with . or Enter, or press ? or * to list all spells.
Aiming: Shock (safe; 1% risk of failure)
Press: ? - help, Shift-Dir - straight line, f/p - killer bee
Aim: a killer bee (severely wounded, 48% to hit)
The zap hits the killer bee but does no damage.
The killer bee is severely wounded.
The zap hits the killer bee.
You kill the killer bee!
The zap hits the killer bee!
The killer bee is severely wounded.
* * * LOW HITPOINT WARNING * * *
The killer bee stings you!
* * * LOW HITPOINT WARNING * * *
The killer bee stings you.
* * * LOW HITPOINT WARNING * * *
Casting: Shock (safe; 1% risk of failure)
Confirm with . or Enter, or press ? or * to list all spells.
Aiming: Shock (safe; 1% risk of failure)
Press: ? - help, Shift-Dir - straight line, f/p - killer bee
Aim: a killer bee (severely wounded, 48% to hit)
The zap hits the killer bee.
The killer bee is almost dead.
The zap hits the killer bee!
You kill the killer bee!
The zap misses the killer bee.
* * * LOW HITPOINT WARNING * * *
The killer bee barely misses you. The killer bee misses you.
Casting: Shock (safe; 1% risk of failure)
Confirm with . or Enter, or press ? or * to list all spells.
A tiny devil pulls itself out of the air.
* * * LOW HITPOINT WARNING * * *
The killer bee stings you!
You die...

#.. ######### ...
#.......# ####.#
#.......# #....#
#.......#
####....#
#.......#
........#
#.......#
...y..#y#
#.......# ....y
#y# #.......# ..$.
#@########.......#
...
#.5†.............#
..
##########.#######
+ #.!....#
#....?.#######
#......'......
#......#######
#.>.....#
#.......#


You could see 2 killer bees and a friendly cerulean imp (summoned).

Vanquished Creatures
  Sigmund (D:3)
  Eustachio (D:4)
  A steam dragon (D:6)
  An ice beast (D:6)
  A black bear (D:6)
  A phantom (D:6)
  8 scorpions
  A jelly (D:5)
  3 killer bees (D:7)
  2 centaur zombies (Ossuary)
  3 human zombies (Ossuary)
  2 hounds
  2 scorpion zombies (Ossuary)
  3 iguanas
  2 orc wizards
  A mummy (Ossuary)
  3 gnolls (D:5)
  8 adders
  A white imp (D:6)
  An ufetubus (D:5)
  3 worms
  A dart slug (D:2)
  6 orcs
  3 endoplasms
  10 giant cockroaches
  A gnoll zombie (Ossuary)
  7 goblins
  6 hobgoblins
  6 quokkas
  2 ball pythons
  2 bats (D:2)
  7 frilled lizards
  A goblin zombie (Ossuary)
  4 hobgoblin zombies (Ossuary)
  6 kobolds
  2 orc zombies (Ossuary)
  4 rats
117 creatures vanquished.

Vanquished Creatures (collateral kills)
  An ogre (D:4)
  3 scorpions (Ossuary)
  A killer bee (D:7)
  A centaur zombie (Ossuary)
  A human zombie (Ossuary)
  Ijyb (D:3)
  An iguana (D:6)
  2 mummies (Ossuary)
  3 adders (D:6)
  A gnoll (D:5)
  2 white imps (D:5)
  4 orcs
  An endoplasm (D:3)
  A hobgoblin (D:4)
  A gnoll zombie (Ossuary)
  A goblin zombie (Ossuary)
  A hobgoblin zombie (Ossuary)
  A kobold (D:4)
  3 kobold zombies (Ossuary)
  An orc zombie (Ossuary)
31 creatures vanquished.

Vanquished Creatures (others)
  An orc wizard (D:6)
1 creature vanquished.

Grand Total: 149 creatures vanquished

Notes
Turn   | Place    | Note
-------+----------+-------------------------------------------
     0 | D:1      | Flugkiller the Djinni Warper began the quest for the Orb.
     0 | D:1      | Flugkiller set off with the following spells memorised:
                  | Blink, Lesser Beckoning, Vhi's Electric Charge, Teleport
                  | Other, Manifold Assault.
     0 | D:1      | Reached XP level 1. HP: 18/18 MP: 0/0
   153 | D:1      | Reached XP level 2. HP: 21/23 MP: 0/0
   501 | D:1      | Reached XP level 3. HP: 23/29 MP: 0/0
   501 | D:1      | Learned a level 1 spell: Shock
   917 | D:2      | Reached skill level 3 in Spellcasting
  1092 | D:2      | Reached XP level 4. HP: 30/35 MP: 0/0
  2106 | D:3      | Noticed Sigmund
  2116 | D:3      | Reached XP level 5. HP: 28/40 MP: 0/0
  2116 | D:3      | Learned a level 2 spell: Call Imp
  2119 | D:3      | Killed Sigmund
  2120 | D:3      | Reached skill level 4 in Spellcasting
  2120 | D:3      | Reached XP level 6. HP: 29/47 MP: 0/0
  2425 | D:3      | Found a runed translucent door.
  2426 | D:3      | Noticed Crazy Yiuf
  2552 | D:3      | Noticed Ijyb
  2689 | D:3      | Killed Ijyb
  3033 | D:4      | Found a sand-covered staircase.
  3042 | Ossuary  | Entered an ossuary
  3167 | Ossuary  | Reached skill level 5 in Spellcasting
  3167 | Ossuary  | Reached XP level 7. HP: 40/52 MP: 0/0
  3167 | Ossuary  | Learned a level 3 spell: Spider Form
  3717 | Ossuary  | Reached skill level 6 in Spellcasting
  3719 | Ossuary  | Reached XP level 8. HP: 34/58 MP: 0/0
  4028 | Ossuary  | Reached skill level 5 in Fighting
  4445 | D:4      | Found a white marble altar of Elyvilon.
  4597 | D:4      | Reached skill level 7 in Spellcasting
  4635 | D:4      | Noticed Eustachio
  4765 | D:4      | Killed Eustachio
  4766 | D:4      | Reached XP level 9. HP: 54/65 MP: 0/0
  4766 | D:4      | Learned a level 4 spell: Dispel Undead
  4829 | D:4      | Found a staircase to the Ecumenical Temple.
  4936 | Temple   | Entered the Ecumenical Temple
  5099 | Temple   | Became a worshipper of Ru the Awakened
  5433 | D:5      | Entered Level 5 of the Dungeon
  6543 | D:6      | Reached skill level 8 in Spellcasting
  6612 | D:6      | Gained mutation: You take slightly more damage. (AC -5) [Ru
                  | sacrifice]
  6612 | D:6      | Reached * piety under Ru
  7646 | D:7      | Reached skill level 5 in Dodging
  7650 | D:7      | Slain by a killer bee

Illustrated notes

Levels and vault maps discovered:
D:1:      sevenhm_arrival_forest_fort_large_2, layout_loops_ring, serial_glass,
          glass_columns_b, glass_columns_b
D:2:      layout_loops_corners
D:3:      layout_loops_ring, st_stairs_5, uniq_crazy_yiuf_cottage, uniq_ijyb,
          uniq_sigmund
D:4:      layout_basic, nicolae_overflow_crystal_walls,
          minmay_temple_entry_hall, lightli_ossuary_entry_decrepit_ruins,
          uniq_eustachio
D:5:      layout_gridville
D:6:      layout_loops_cross
D:7:      layout_basic
Temple:   regret_index_temple_sphere_string

Skill      XL: |  1  2  3  4  5  6  7  8  9 |
---------------+----------------------------+-----
Fighting       | 3 4 5 |  5.8
Spellcasting   | 3 4 5 6 7 8 |  8.4
Dodging        | 4 5 |  5.1
Short Blades   | |  1.7
Throwing       | |  0.7
Armour         | |  1.0

Action                     |  1- 3 |  4- 6 |  7- 9 || total
---------------------------+-------+-------+-------++-------
  Melee: Short sword       |    61 |    43 |    61 ||   165
         Punch             |     1 |     1 |       ||     2
   Cast: Blink             |     1 |       |     1 ||     2
         Shock             |    27 |    85 |   174 ||   286
         Lesser Beckoning  |       |     2 |       ||     2
         Call Imp          |       |    17 |    50 ||    67
         Dispel Undead     |       |       |     1 ||     1
 Invoke: Sacrifice Health  |       |       |     1 ||     1
   Stab: Sleeping          |     1 |       |       ||     1
         Distracted        |       |       |     3 ||     3
 Armour: Leather armour    |    12 |    21 |    30 ||    63
  Dodge: Dodged            |    33 |    49 |    83 ||   165
  Block: Buckler           |       |       |     6 ||     6
